 Dungeon Crawl Stone Soup version 0.23-a0-422-g30b1108d6a (webtiles) character file.

8627 Napalmbreeze the Grappler (level 11, -14/93 HPs)
             Began as a Troll Transmuter on Nov 15, 2018.
             Was a Priest of Hepliaklqana.
             Demolished by Snorg (27 damage)
             ... on level 11 of the Dungeon.
             The game lasted 00:28:55 (9681 turns).

Napalmbreeze the Grappler (Troll Transmuter)        Turns: 9681, Time: 00:28:55

Health: -14/93     AC:  2    Str: 21    XL:     11   Next: 12%
Magic:  1/16       EV: 24    Int: 11    God:    Hepliaklqana [***...]
Gold:   814        SH:  0    Dex: 18    Spells: 7/18 levels left

rFire    . . .     SeeInvis .     - Unarmed
rCold    . . .     Gourm    +   (shield currently unavailable)
rNeg     . . .     Faith    .   (armour currently unavailable)
rPois    x         Spirit   .   (helmet currently unavailable)
rElec    .         Reflect  .   (cloak currently unavailable)
rCorr    .         Harm     .   (gloves unavailable)
MR       .....                  (boots unavailable)
Stlth    ++........             (no amulet)
HPRegen  0.65/turn              v - +3 ring of dexterity
MPRegen  0.15/turn              (no ring)

@: spider-form (expiring), very slightly contaminated
A: tiny, unfitting armour, reduced essence, fast metabolism 3, gourmand,
regeneration 1
a: End Transformation, Recall Ancestor, Ancestor Identity, Transference,
Renounce Religion


You were on level 11 of the Dungeon.
You worshipped Hepliaklqana.
Hepliaklqana was most pleased with you.
You were completely stuffed.
You were a venomous arachnid creature.
You visited 2 branches of the dungeon, and saw 12 of its levels.
You also visited: Ossuary.

You collected 922 gold pieces.
You spent 108 gold pieces at shops.

Inventory:

Missiles
 a - 160 arrows
 r - 5 stones
 s - 6 large rocks (quivered)
Armour
 u - +0 swamp dragon scales (melded)
Jewellery
 v - a +3 ring of dexterity (left front leg)
Wands
 w - a wand of clouds (3)
 E - a wand of random effects (19)
 H - a wand of digging (5)
Scrolls
 b - a scroll of random uselessness {unknown}
 c - 5 scrolls of identify
 g - a scroll of amnesia
 j - 2 scrolls of fog {unknown}
 m - a scroll of immolation {unknown}
 n - 6 scrolls of remove curse
 o - a scroll of blinking {unknown}
 q - 2 scrolls of enchant armour {unknown}
 x - a scroll of noise {unknown}
 y - 4 scrolls of magic mapping
 A - a scroll of torment {unknown}
 D - a scroll of fear {unknown}
Potions
 e - 4 potions of curing {unknown}
 f - a potion of magic {unknown}
 h - 2 potions of agility
 i - 3 potions of heal wounds
 k - a potion of might
 l - 3 potions of degeneration {unknown}
 p - 3 potions of brilliance {unknown}
 t - a potion of mutation {unknown}
 z - a potion of invisibility {unknown}
 B - 2 potions of resistance {unknown}
 C - a potion of flight {unknown}
 F - a potion of lignification {unknown}
Comestibles
 d - 18 rations


   Skills:
 + Level 5.5 Fighting
 * Level 1.5 Armour
 + Level 5.8 Dodging
 - Level 10.0 Unarmed Combat
 + Level 4.4 Spellcasting
 + Level 5.3 Transmutations
 + Level 4.3 Invocations


You had 7 spell levels left.
You knew the following spells:

 Your Spells              Type           Power        Failure   Level  Hunger
a - Beastly Appendage     Tmut           ##....       10%         1    #......
b - Sticks to Snakes      Tmut           ##......     12%         2    ##.....
c - Spider Form           Tmut/Pois      #.........   43%         3    ###....
d - Blade Hands           Tmut           ##........   77%         5    ######.

Your spell library contained the following spells:

 Spells                   Type           Power        Failure   Level  Hunger
 Passwall                 Tmut/Erth      #.......     28%         2    ##.....
 Corona                   Hex            #......      43%         1    #......
 Sandblast                Erth           #.....       43%         1    #......
 Slow                     Hex            #.......     56%         2    ##.....
 Inner Flame              Hex/Fire       #.......     77%         3    ###....
 Portal Projectile        Hex/Tloc       #.....       77%         3    ###....
 Stone Arrow              Conj/Erth      #.....       77%         3    ###....
 Ice Form                 Ice/Tmut       #.......     78%         4    #####..
 Petrify                  Tmut/Erth      #.......     78%         4    #####..
 Cause Fear               Hex            #.........   98%         4    #####..
 Leda's Liquefaction      Hex/Erth       #.........   98%         4    #####..
 Lee's Rapid Deconstruct  Erth           #.........   100%        5    ######.


Dungeon Overview and Level Annotations

Branches:
Dungeon (11/15)            Temple (1/1) D:6            Lair (0/6) D:11
    Orc (0/2) D:11

Altars:
Ashenzari
Fedhas
Gozag
Hepliaklqana
Kikubaaqudgha
Makhleb
Qazlal
Ru
Sif Muna
Uskayaw
Vehumet
Zin
The Shining One
Beogh

Shops:
D:5 **   D:8 *

Annotations:
D:8 2 transporters
D:11 Snorg


Innate Abilities, Weirdness & Mutations

You are too large for most types of armour.
((You have claws for hands.))
Your metabolism is lightning-fast.
You like to eat raw meat.
Your natural rate of healing is unusually fast.
((You are covered in fur. (AC +1)))
((You have very tough skin. (AC +2)))
Your life essence is reduced to manifest your ancestor. (-10% HP)


Message History

Snorg claws you!
* * * LOW HITPOINT WARNING * * *
You are too injured to fight recklessly!
Your ball python barely misses Snorg.
Your transformation is almost over.
Snorg misses you. Snorg closely misses you. Snorg completely misses you.
You bite Snorg!
Snorg looks as sick as possible!
Snorg is heavily wounded.
Snorg closely misses you. Snorg claws you!
* * * LOW HITPOINT WARNING * * *
Snorg completely misses you.
Your ball python misses Snorg.
Unknown command.
Okay, then.
Unknown command.
You feel much better. Snorg bites you!
* * * LOW HITPOINT WARNING * * *
Snorg misses you. Snorg claws you!
* * * LOW HITPOINT WARNING * * *
Your ball python closely misses Snorg.
Snorg bites you!!
You die...

#.##..# #.#......#.#.##.#####..#
#.##..####.#......#.#............
....<....[.#.............#####..#
..........)....####.#.########..#
......######...# #..............
#.##..# #...# #.#.########..#
#.##..# #...# #.#.# #..# #.##..#
#...####.#.###### #..#
#..#..######...Ts..........# #..#
..............S####.#.####.# #..#
...#..######..## #.#.# #.# #..#
...#..######..### #.#.# #.# #..#
..............#.###.#.####.# #..#
......######..#..........#.# #..#
...........#..#.###...##.#.# #..#
......####R#..#.# #...##.#.###..#
..............#.# #...#.........#


You could see Snorg (berserk) and a friendly ball python.

Vanquished Creatures
  An unseen horror (D:11)
  Psyche (D:10)
  A gargoyle (D:11)
  2 rime drakes (D:11)
  A troll (D:11)
  4 hippogriffs
  A wyvern (D:9)
  A yak (D:9)
  2 humans
  2 hogs (D:9)
  An acid dragon (D:11)
  4 orc warriors
  3 ice beasts
  A necrophage (D:10)
  4 ogres
  4 centaurs
  A crocodile (D:9)
  An elf zombie (Ossuary)
  5 bullfrogs
  A water moccasin zombie (D:6)
  3 scorpions
  A hornet simulacrum (D:9)
  2 howler monkeys
  3 crimson imps
  A human zombie (Ossuary)
  2 jellies
  A centaur skeleton (D:3)
  7 orc priests
  A bullfrog skeleton (D:6)
  6 hounds
  3 iguanas
  4 orc wizards
  7 worker ants
  A killer bee zombie (D:9)
  2 big kobold zombies (Ossuary)
  2 mummies (Ossuary)
  6 adders
  4 gnolls (D:5)
  2 shadow imps
  An ooze (D:1)
  An adder skeleton (D:5)
  A worm (D:2)
  5 leopard geckos
  32 orcs
  A giant cockroach (D:1)
  A gnoll zombie (Ossuary)
  11 goblins
  3 hobgoblins
  16 jackals
  12 kobolds
  5 quokkas
  A ball python (D:3)
  4 bats
  4 frilled lizards
  2 goblin zombies (Ossuary)
  3 hobgoblin zombies (Ossuary)
  4 orc zombies (Ossuary)
  9 rats
  A rat zombie (D:6)
216 creatures vanquished.

Vanquished Creatures (collateral kills)
  A two-headed ogre (D:11)
  A centaur skeleton (D:11)
  A hog (D:9)
  4 orc warriors
  A scorpion (D:9)
  A howler monkey (D:9)
  3 crimson imps
  A jelly (D:9)
  2 bullfrog skeletons
  3 orc wizards
  An orc priest (D:7)
  4 orcs
  A jackal (D:5)
  A quokka (D:10)
  A quokka zombie (D:7)
26 creatures vanquished.

Vanquished Creatures (others)
  3 knights
  4 ancestors
7 creatures vanquished.

Grand Total: 249 creatures vanquished

Notes
Turn   | Place    | Note
-------+----------+-------------------------------------------
     0 | D:1      | Napalmbreeze the Troll Transmuter began the quest for the
                  | Orb.
     0 | D:1      | Reached XP level 1. HP: 18/18 MP: 1/1
   125 | D:1      | Reached skill level 1 in Fighting
   128 | D:1      | Reached XP level 2. HP: 27/27 MP: 2/2
   321 | D:1      | Learned a level 2 spell: Sticks to Snakes
   557 | D:1      | Reached XP level 3. HP: 31/33 MP: 4/4
  1030 | D:2      | Found a blossoming altar of Fedhas.
  1195 | D:2      | Reached XP level 4. HP: 31/41 MP: 5/5
  1312 | D:2      | Found a deep blue altar of Sif Muna.
  1381 | D:2      | Found a burning altar of Makhleb.
  1381 | D:2      | Noticed a green death
  1615 | D:3      | Learned a level 3 spell: Spider Form
  1724 | D:3      | Reached skill level 4 in Unarmed Combat
  1946 | D:3      | Reached XP level 5. HP: 48/48 MP: 6/6
  2330 | D:4      | Noticed an ogre
  2343 | D:4      | Killed an ogre
  2485 | D:4      | You fall through a shaft for 3 floors!
  2616 | D:7      | Reached XP level 6. HP: 49/57 MP: 5/7
  2645 | D:7      | Reached skill level 5 in Unarmed Combat
  2714 | D:7      | Noticed an orc warrior
  2776 | D:7      | Killed an orc warrior
  2782 | D:7      | Reached XP level 7. HP: 33/66 MP: 5/9
  3095 | D:6      | Found a sand-covered staircase.
  3104 | Ossuary  | Entered an ossuary
  3148 | Ossuary  | Reached skill level 6 in Unarmed Combat
  3288 | Ossuary  | Reached XP level 8. HP: 72/75 MP: 10/10
  3575 | D:6      | Found a staircase to the Ecumenical Temple.
  3585 | Temple   | Entered the Ecumenical Temple
  3691 | Temple   | Became a worshipper of Hepliaklqana the Forgotten
  3737 | D:6      | Found an opulent altar of Gozag.
  3782 | D:5      | Entered Level 5 of the Dungeon
  4074 | D:5      | Reached skill level 7 in Unarmed Combat
  4126 | D:5      | Found Louteaf's General Store.
  4914 | D:4      | Found a glowing golden altar of the Shining One.
  4976 | D:4      | Found a glowing silver altar of Zin.
  5400 | D:5      | Found Umuga's General Store.
  5471 | D:5      | Bought a potion of agility for 48 gold pieces
  5471 | D:5      | Bought a potion of heal wounds for 60 gold pieces
  5699 | D:6      | Reached * piety under Hepliaklqana
  5928 | D:7      | Reached skill level 1 in Invocations
  6027 | D:7      | Reached XP level 9. HP: 61/75 MP: 9/12
  6199 | D:8      | Found Loeciojo's General Store.
  6308 | D:8      | Found a roughly hewn altar of Beogh.
  6308 | D:8      | Found a transporter.
  6368 | D:8      | Found a transporter.
  6798 | D:9      | Found a radiant altar of Vehumet.
  6804 | D:9      | Found a hide-covered altar of Uskayaw.
  6892 | D:9      | Learned a level 5 spell: Blade Hands
  6928 | D:9      | Noticed a two-headed ogre
  7258 | D:9      | Found an ancient bone altar of Kikubaaqudgha.
  7283 | D:9      | Reached ** piety under Hepliaklqana
  7291 | D:9      | Reached skill level 8 in Unarmed Combat
  7790 | D:9      | You fall through a shaft for 2 floors!
  7844 | D:11     | Noticed a troll
  7871 | D:10     | Entered Level 10 of the Dungeon
  7914 | D:10     | Reached XP level 10. HP: 84/84 MP: 7/14
  7985 | D:10     | Reached skill level 5 in Dodging
  8122 | D:9      | Remembered your ancestor Yalto as a knight
  8224 | D:10     | Reached skill level 9 in Unarmed Combat
  8246 | D:10     | Noticed Psyche
  8262 | D:10     | Killed Psyche
  8482 | D:10     | Found a blossoming altar of Fedhas.
  8618 | D:11     | Reached skill level 5 in Fighting
  8715 | D:11     | Found a staircase to the Orcish Mines.
  8744 | D:11     | Noticed a gargoyle
  8869 | D:11     | Killed a gargoyle
  8869 | D:11     | Reached skill level 5 in Transmutations
  8872 | D:11     | Killed an unseen horror
  9066 | D:11     | Noticed Snorg
  9358 | D:11     | Found a staircase to the Lair.
  9380 | D:11     | Reached *** piety under Hepliaklqana
  9383 | D:11     | Reached skill level 1 in Armour
  9383 | D:11     | Reached XP level 11. HP: 52/93 MP: 10/16
  9505 | D:11     | Noticed a two-headed ogre
  9521 | D:11     | Killed a two-headed ogre
  9521 | D:11     | Reached skill level 10 in Unarmed Combat
  9681 | D:11     | Demolished by Snorg

Vault maps used:
D:1:      dpeg_arrival_leaves_temple_mockup, interstate_on_off
D:2:      overflow_temple_1_default, makhleb_altar_promises_db,
          lemuel_blue_sif_altar
D:3:      serial_aquarium, aquarium_bridge_long_joined, aquarium_window_fake,
          aquarium_window_fake, aquarium_window_corridor_3, aquarium_view_2d,
          aquarium_balcony_3a, aquarium_pool_double
D:4:      zin_treasury, nicolae_tso_carved_into_rock, first_ration,
          minmay_liquid_box
D:5:      serial_shops, shop, shop
D:6:      nicolae_gozag_seed_capital, minmay_temple_entry_trees, enter_ossuary_3
D:8:      gammafunk_beogh_shrine, serial_shops, shop
D:9:      lemuel_doored_altar, overflow_temple_1_default, basic_altar,
          grunt_livestock
D:10:     fedhas_altar_4, uniq_psyche
D:11:     lair_entry_dummy, erik_orc_4, portal_ice_cave_rime,
          hangedman_abyss_or_decor_lesser_grid, uniq_snorg
Temple:   minmay_temple_curvy_branch
Ossuary:  minmay_ossuary_gauntlet

Skill      XL: |  1  2  3  4  5  6  7  8  9 10 11 |
---------------+----------------------------------+-----
Fighting       | 1 2 3 4 5 |  5.5
Dodging        | 2 3 4 5 |  5.8
Unarmed Combat | 4 5 6 7 8 9 10 | 10.0
Transmutations | 2 3 4 5 |  5.3
Spellcasting   | 2 3 4 |  4.4
Invocations    | 1 3 4 |  4.3
Armour         | 1 |  1.5

Action                   |  1- 3 |  4- 6 |  7- 9 | 10-12 || total
-------------------------+-------+-------+-------+-------++-------
Melee: Unarmed           |    99 |   123 |   372 |   162 ||   756
       Punch             |       |     3 |     7 |     4 ||    14
Throw: Stone             |       |     2 |       |       ||     2
 Cast: Sticks to Snakes  |       |     6 |    15 |    17 ||    38
       Spider Form       |       |     2 |    10 |     5 ||    17
Invok: Recall Ancestor   |       |       |     4 |     3 ||     7
       Ancestor Identity |       |       |     1 |       ||     1
       Ancestor Life: Kn |       |       |       |     1 ||     1
Evoke: Wand              |       |       |       |     1 ||     1
  Use: Scroll            |       |       |     6 |       ||     6
       Potion            |       |       |     1 |     1 ||     2
 Stab: Sleeping          |       |     1 |     1 |       ||     2
       Distracted        |       |       |     1 |       ||     1
  Eat: Chunk             |     8 |    23 |    45 |    21 ||    97
       Ration            |       |       |     1 |       ||     1
Armor: Robe              |    45 |    43 |    66 |       ||   154
       Skin              |       |     1 |     1 |       ||     2
       Swamp dragon scal |       |       |    47 |    62 ||   109
Dodge: Dodged            |    59 |    63 |   213 |    83 ||   418

Table legend:
 A = Non-vault XP
 B = Vault XP
 C = Vault XP percentage of total XP
 D = Non-vault monster count
 E = Vault monster count
 F = Vault count percentage of total count
                 A         B        C        D         E       F
            +---------+---------+-------+---------+---------+-------
      Total |    9384 |    2941 |  23.9 |     203 |      39 |  16.1
            +---------+---------+-------+---------+---------+-------
        D:1 |      52 |       0 |   0.0 |      28 |       0 |   0.0
        D:2 |      63 |       0 |   0.0 |      15 |       0 |   0.0
        D:3 |      86 |       0 |   0.0 |      14 |       0 |   0.0
        D:4 |     265 |       0 |   0.0 |      13 |       0 |   0.0
        D:5 |     350 |       0 |   0.0 |      14 |       0 |   0.0
        D:6 |     883 |       1 |   0.1 |      20 |       1 |   4.8
        D:7 |     866 |       0 |   0.0 |      35 |       0 |   0.0
        D:8 |     331 |       0 |   0.0 |       7 |       0 |   0.0
        D:9 |    1292 |     996 |  43.5 |      15 |       5 |  25.0
       D:10 |    1222 |     459 |  27.3 |      14 |       2 |  12.5
       D:11 |    3974 |    1250 |  23.9 |      28 |      15 |  34.9
    Ossuary |       0 |     235 | 100.0 |       0 |      16 | 100.0
            +---------+---------+-------+---------+---------+-------
